 Dungeon Crawl Stone Soup version 0.29.1-15-g9cfb28693d (webtiles) character file.

Game seed: 17354938287764014502

7 vishdafish the Conjurer (level 1, 0/13 HPs)
             Began as a Demonspawn Conjurer on Mar 29, 2023.
             Slain by a goblin
             ... wielding a +0 club
              (2 damage)
             ... on level 1 of the Dungeon.
             The game lasted 00:01:00 (324 turns).

vishdafish the Conjurer (Demonspawn Conjurer)        Turns: 324, Time: 00:01:01

Health: 0/13       AC:  2    Str:  7    XL:     1   Next: 83%
Magic:  2/3        EV: 12    Int: 19    God:
Gold:   27         SH:  0    Dex: 11    Spells: 3/4 levels left

rFire   + . .      SeeInvis .   (no weapon)
rCold   + . .      Faith    .   (no shield)
rNeg    . . .      Spirit   .   a - +0 robe
rPois   +          Reflect  .   (no helmet)
rElec   +          Harm     .   (no cloak)
rCorr   +          Rampage  .   (no gloves)
Will    .....                   (no boots)
Stlth   ++........              (no amulet)
HPRegen 0.04/turn               (no ring)
MPRegen 0.08/turn               (no ring)

@: resistant
A: no striking features
a: no special abilities


You were on level 1 of the Dungeon.
You visited 1 branch of the dungeon, and saw 1 of its levels.

You collected 27 gold pieces.

Inventory:

Armour
 a - a +0 robe (worn)
Potions
 b - a potion of magic


   Skills:
 - Level 1.8 Dodging
 - Level 1.8 Stealth
 + Level 2.2 Spellcasting
 + Level 4.1 Conjurations


You had 3 spell levels left.
You knew the following spells:

 Your Spells              Type           Power      Damage    Failure   Level
a - Magic Dart            Conj           72%        1d6       3%          1

Your spell library contained the following spells:

 Spells                   Type           Power      Damage    Failure   Level
 Searing Ray              Conj           36%        2d5       4%          2
 Dazzling Flash           Conj/Hex       20%        N/A       22%         3
 Fulminant Prism          Conj/Hex       5%         3d7       56%         4
 Iskenderun's Mystic Bla  Conj/Tloc      10%        2d4       56%         4


Dungeon Overview and Level Annotations

Branches:
Dungeon (1/15)

Altars:

Shops:
D:1 =


Message History

There are monsters nearby!
The magic dart hits the endoplasm.
The endoplasm is lightly wounded.
The endoplasm quivers.
The magic dart hits the endoplasm but does no damage.
The endoplasm is lightly wounded.
The magic dart hits the endoplasm.
The endoplasm is heavily wounded.
The endoplasm hits you.
You are out of magic!
You are out of magic!
You are out of magic!
The endoplasm attacks as you move away! The endoplasm barely misses you.
A jackal comes into view.
The jackal moves out of view.
The endoplasm attacks as you move away! The endoplasm barely misses you.
There is a stone staircase leading down here.
The endoplasm attacks as you move away! The endoplasm hits you.
The endoplasm attacks as you move away!
The endoplasm hits you but does no damage.
The endoplasm attacks as you move away! The endoplasm closely misses you.
A goblin comes into view. It is wielding a +0 club.
The endoplasm freezes you.
You are frozen.
The jackal attacks as you move away! The jackal bites you.
The endoplasm attacks as you move away! The endoplasm completely misses you.
The goblin shouts!
The jackal closely misses you. The goblin closely misses you.
The goblin attacks as you move away! The goblin hits you with a +0 club.
* * * LOW HITPOINT WARNING * * *
The jackal barely misses you.
It was a potion of resistance.
You feel protected.
The jackal bites you but does no damage.
The goblin barely misses you. The jackal misses you.
The jackal attacks as you move away! The jackal misses you.
The goblin attacks as you move away! The goblin hits you with a +0 club.
You die...

#...##### #.# #.#####.#
+.....†.# #.####.# #.#
#.....#.# #.#....# #.#
#.#####....#.#####†#.########.#
........[..+.......)...>......#
#.#####....#.....#.#.##.#######
#.########.#.#.##.# #.#
#.#...##.# #.# #@######.# #.#
######hg..###.#
#)#......Jh.##...##
#.#.........#.....#
#.#.........#..∩..#
#.#.........#.....## ##
#.#..........#...#.# .#
#.#........†..###..# .#
#.#.........#.....##


You could see an endoplasm, 2 jackals and a goblin.

Vanquished Creatures
  A ball python (D:1)
  A bat (D:1)
  A goblin (D:1)
  3 frilled lizards (D:1)
  A kobold (D:1)
7 creatures vanquished.

Notes
Turn   | Place    | Note
-------+----------+-------------------------------------------
     0 | D:1      | vishdafish the Demonspawn Conjurer began the quest for the
                  | Orb.
     0 | D:1      | Reached XP level 1. HP: 13/13 MP: 3/3
   227 | D:1      | Found Xurauc's One-of-a-Kind Rings.
   324 | D:1      | Slain by a goblin

Illustrated notes

Levels and vault maps discovered:
D:1:      dpeg_arrival_ratfight, layout_basic, kennysheep_nondescript,
          chequers_serial_rivers_micro_a, nicolae_shop_unique_rings

Action                   || total
-------------------------++-------
Melee: Unarmed           ||     8
 Cast: Magic Dart        ||    13
  Use: Potion            ||     1
Armor: Robe              ||     4
Dodge: Dodged            ||    23
